 Dungeon Crawl Stone Soup version 0.32-a0 (webtiles) character file.

Game seed: 15400613871446947717

11 James the Sneak (level 2, 0/13 HPs)
             Began as a Spriggan Enchanter on Jan 13, 2024.
             Slain by a goblin
             ... wielding a +0 club
              (1 damage)
             ... on level 1 of the Dungeon.
             The game lasted 00:01:20 (204 turns).

James the Sneak (Spriggan Enchanter)                 Turns: 204, Time: 00:01:20

Health: 0/13       AC:  2    Str:  4    XL:     2   Next: 13%
Magic:  6/6        EV: 17    Int: 16    God:
Gold:   28         SH:  0    Dex: 15    Spells: 6/6 levels left

rFire   . . .        a - +1 dagger
rCold   . . .        (no shield)
rNeg    . . .        b - +0 robe
rPois   .            (helmet restricted)
rElec   .            (no cloak)
rCorr   .            (gloves unavailable)
SInv    +            (boots unavailable)
Will    .....        (no amulet)
Stlth   +++          (no ring)
HPRegen 0.22/turn    (no ring)
MPRegen 0.10/turn

%: no passive effects
@: very quick
A: very small, no large weapons, unfitting armour, see invisible, speed 3
a: no special abilities


You were on level 1 of the Dungeon.
You visited 1 branch of the dungeon, and saw 1 of its levels.

You collected 28 gold pieces.

Inventory:

Hand Weapons
 a - a +1 dagger (weapon)
Armour
 b - a +0 robe (worn)
Scrolls
 d - 2 scrolls of identify {unknown}
Potions
 c - 2 potions of invisibility
 e - 2 potions of degeneration {unknown}


   Skills:
 * Level 1.8 Short Blades
 + Level 2.8 Dodging
 + Level 4.5 Stealth
 + Level 2.8 Spellcasting
 + Level 3.7 Hexes


You had 6 spell levels left.
You didn't know any spells.
Your spell library contained the following spells:

 Spells                   Type           Power      Damage    Failure   Level
 Confusing Touch          Hex            14%        N/A       12%         3
 Tukima's Dance           Hex            14%        N/A       12%         3
 Ensorcelled Hibernation  Hex/Ice        16%        N/A       13%         2
 Dazzling Flash           Conj/Hex       16%        N/A       26%         3


Dungeon Overview and Level Annotations

Branches:
Dungeon (1/15)

Altars:


Innate Abilities, Weirdness & Mutations

You are very small and have problems with some larger weapons.
You are too small for most types of armour.
You have supernaturally acute eyesight. (SInv)
You cover ground extremely quickly. (Speed+++)


Message History

You kill the giant cockroach!
The hobgoblin shouts!
The goblin shouts!
You hear a loud squeak.
You hear a shout!
You have reached level 2!
You hit the hobgoblin. The bat misses you. The hobgoblin barely misses you.
The bat closely misses you.
You hit the bat. The bat closely misses you. The hobgoblin misses you.
The bat barely misses you.
You hit the bat.
You kill the bat!
The hobgoblin misses you.
You closely miss the hobgoblin. The hobgoblin hits you.
You hit the hobgoblin.
A rat comes into view.
The hobgoblin closely misses you.
You barely miss the hobgoblin. The hobgoblin misses you.
You hit the hobgoblin.
You kill the hobgoblin!
The rat barely misses you.
You hit the rat but do no damage. The rat bites you.
The goblin barely misses you.
You closely miss the goblin. You closely miss the goblin.
The goblin hits you but does no damage. The rat bites you.
You barely miss the goblin. The goblin hits you but does no damage.
The rat bites you.
* * * LOW HITPOINT WARNING * * *
You see here a giant cockroach corpse.
You see here 2 pink potions.
e - 2 pink potions You barely miss the goblin.
The goblin hits you with a +0 club.
* * * LOW HITPOINT WARNING * * *
You don't know any spells.
Press: ? - help, v - describe, . - travel The floor.
Unknown command.
Unknown command.
You don't know any spells.
Press: ? - help, v - describe, . - travel The floor.
Unknown command.
Okay, then.
You aren't carrying any items that you can evoke.
Unknown command.
You aren't carrying any items that you can evoke.
Unknown command.
The goblin barely misses you.
You start memorising the spell.
You continue memorising.
The goblin hits you with a +0 club.
Your memorisation is interrupted.
You die...

######
#########....######
..........#......##### #
............###.###.##
#.##..###.#.#.##........
#.#...#@#...#.#..##.###.
#...##g##.###.##.#......
#...#r#...# #.##...##.##
#r##...# ..##.#.#....
#J#...#.# .....#...##.
#K##..##...#.##.#.#.#..
..#...###..## #...#...8
...#.... ..## #.#.#.#..
#([ #.... ... #..#...##.


You could see an endoplasm, a quokka, a goblin, a kobold and a rat.

Vanquished Creatures
  A ball python (D:1)
  A bat (D:1)
  2 giant cockroaches (D:1)
  A goblin (D:1)
  2 hobgoblins (D:1)
  2 rats (D:1)
9 creatures vanquished.

Notes
Turn   | Place    | Note
-------+----------+-------------------------------------------
     0 | D:1      | James the Spriggan Enchanter began the quest for the Orb.
     0 | D:1      | Reached XP level 1. HP: 9/9 MP: 5/5
   187 | D:1      | Reached XP level 2. HP: 13/13 MP: 6/6
   204 | D:1      | Slain by a goblin

Illustrated notes

Levels and vault maps discovered:
D:1:      minmay_arrival_solitary_statue, layout_rooms, serial_rivers,
          chequers_serial_rivers_marsh, chequers_serial_rivers_micro_b,
          chequers_serial_rivers_marsh, chequers_serial_rivers_marsh,
          chequers_serial_rivers_large_b, chequers_serial_rivers_micro_b,
          palyth_stone_intersect, nicolae_concentric_dashed_squares_wild,
          chequers_serial_rivers_micro_e, chequers_serial_rivers_small_3,
          minmay_vboxes

Action                     || total
---------------------------++-------
  Melee: Dagger            ||    29
   Stab: Sleeping          ||     2
 Armour: Robe              ||    14
  Dodge: Dodged            ||    21

Table legend: (Time is in decaauts)
 A = Elapsed time spent in this place.
 B = Non-inter-level travel time spent in this place.
 C = Inter-level travel time spent in this place.
 D = Time resting spent in this place.
 E = Time spent auto-exploring this place.
 F = Levels seen in this place.
 G = Mean time per level.
                   A        B        C        D        E       F      G
               +--------+--------+--------+--------+--------+-----+--------+
         Total |    139 |    139 |      0 |      0 |     63 |   1 |  139.0 |
       Dungeon |    139 |    139 |      0 |      0 |     63 |   1 |  139.0 |
               +--------+--------+--------+--------+--------+-----+--------+

Top non-repeatable levels by time:
     D:1: 139 daAuts
